 Dungeon Crawl Stone Soup version 0.29.1-4-g47bece8355 (webtiles) character file.

Game seed: 6347483468529809691

114 safid the Shooter (level 4, -5/36 HPs)
             Began as a Minotaur Hunter on Dec 2, 2022.
             Succumbed to an orc wizard's poison
             ... on level 3 of the Dungeon.
             The game lasted 00:02:33 (2260 turns).

safid the Shooter (Minotaur Hunter)                 Turns: 2260, Time: 00:02:33

Health: -5/36      AC:  4    Str: 15    XL:     4   Next: 66%
Magic:  3/3        EV: 12    Int:  4    God:
Gold:   55         SH:  0    Dex: 16    Spells: 3/3 levels left

rFire   . . .      SeeInvis .   a - +0 shortbow
rCold   . . .      Faith    .   (shield currently unavailable)
rNeg    . . .      Spirit   .   c - +0 leather armour
rPois   .          Reflect  .   (helmet restricted)
rElec   .          Harm     .   k - +0 cloak
rCorr   .          Rampage  .   (no gloves)
Will    .....                   (no boots)
Stlth   +.........              (no amulet)
HPRegen 0.12/turn               (no ring)
MPRegen 0.08/turn               (no ring)

@: mighty, brilliant, lethally poisoned (-5 -> -39)
A: horns 2, retaliatory headbutt, dopey 1, frail 1, high MP 1
a: no special abilities


You were on level 3 of the Dungeon.
You visited 1 branch of the dungeon, and saw 3 of its levels.

You collected 55 gold pieces.

Inventory:

Hand Weapons
 a - a +0 shortbow (weapon)
Armour
 c - a +0 leather armour (worn)
 k - a +0 cloak (worn)
Scrolls
 b - a scroll of immolation
 e - a scroll of brand weapon {unknown}
 f - 2 scrolls of identify {unknown}
 g - a scroll of teleportation {unknown}
 l - a scroll of fear {unknown}
 m - a scroll of vulnerability {unknown}
Potions
 j - a potion of heal wounds {unknown}


   Skills:
 + Level 4.5 Fighting
 + Level 5.6 Ranged Weapons
 - Level 2.1 Dodging
 - Level 0.7 Stealth


You had 3 spell levels left.
You didn't know any spells.
Your spell library contained the following spells:

 Spells                   Type           Power      Damage    Failure   Level
 Gell's Gravitas          Tloc           0%         N/A       91%         3
 Lesser Beckoning         Tloc           0%         N/A       91%         3
 Teleport Other           Tloc           0%         N/A       91%         3


Dungeon Overview and Level Annotations

Branches:
Dungeon (3/15)

Altars:


Innate Abilities, Weirdness & Mutations

You have a pair of horns on your head.
You reflexively headbutt those who attack you in melee.
You are dopey. (Int -2)
You are frail. (-10% HP)
You have an increased reservoir of magic. (+10% MP)


Message History

You shoot an arrow.
The arrow hits the orc but does no damage.
You shoot an arrow. Something hits you.
You are poisoned.
Something hits you.
You are more poisoned.
You shoot an arrow.
You feel very sick. Something hits you but does no damage.
You are more poisoned.
You shoot an arrow.
The arrow hits the orc but does no damage.
You feel very sick. Something hits you.
You are lethally poisoned!
The orc misses you. You furiously retaliate!
You headbutt the orc. You shoot an arrow. The arrow hits the orc.
You kill the orc!
You feel extremely sick. Something hits you but does no damage.
You are too injured to fight recklessly!
You are too injured to fight recklessly!
You are too injured to fight recklessly!
There is a lethal amount of poison in your body!
It was a potion of mutation.
You feel extremely strange.
You feel frail.
You feel more energetic.
You feel stupid.
* * * LOW HITPOINT WARNING * * *
You feel very sick. Something hits you but does no damage.
You are more poisoned.
It was a potion of brilliance.
You feel clever all of a sudden.
* * * LOW HITPOINT WARNING * * *
You feel very sick. Something hits you.
* * * LOW HITPOINT WARNING * * *
You are more poisoned.
It was a potion of might.
You feel very mighty all of a sudden.
You die...

##########. #..........
#..........
######.......... .
#...............
.######.......########
...†..#.......###....#..
##...)).........@)......
..†...#.......###{...#..
#######.......# .)..# #
#.......# ....... #
#.......# ....... #
#........ ....... #
######... ....... # #...
....... #


There were no monsters in sight!

Vanquished Creatures
  Robin (D:3)
  2 adders (D:3)
  3 dart slugs
  4 orcs (D:3)
  An endoplasm (D:1)
  A giant cockroach (D:1)
  12 goblins
  9 hobgoblins
  5 jackals
  4 kobolds
  2 quokkas (D:1)
  7 ball pythons
  5 bats
  14 frilled lizards
  6 rats
76 creatures vanquished.

Vanquished Creatures (others)
  9 plants
9 creatures vanquished.

Grand Total: 85 creatures vanquished

Notes
Turn   | Place    | Note
-------+----------+-------------------------------------------
     0 | D:1      | safid the Minotaur Hunter began the quest for the Orb.
     0 | D:1      | Reached XP level 1. HP: 18/18 MP: 0/0
    65 | D:1      | Reached XP level 2. HP: 25/25 MP: 1/1
   534 | D:1      | Reached skill level 5 in Ranged Weapons
   534 | D:1      | Reached XP level 3. HP: 30/31 MP: 2/2
  1689 | D:3      | Reached XP level 4. HP: 40/40 MP: 3/3
  1691 | D:3      | Noticed Robin
  1947 | D:3      | Killed Robin
  2258 | D:3      | Gained mutation: You are frail. (-10% HP) [potion of
                  | mutation]
  2258 | D:3      | Gained mutation: You have an increased reservoir of magic.
                  | (+10% MP) [potion of mutation]
  2258 | D:3      | Gained mutation: You are dopey. (Int -2) [potion of
                  | mutation]
  2260 | D:3      | Succumbed to an orc wizard's poison

Illustrated notes

Levels and vault maps discovered:
D:1:      dpeg_arrival_pond, layout_loops_corners, minmay_lizard_king
D:2:      layout_rooms
D:3:      layout_basic, grunt_decor_one_mirror, minmay_shallow_snake_nest,
          uniq_robin

Skill      XL: |  1  2  3 |
---------------+----------+-----
Fighting       | 3 4 |  4.5
Ranged Weapons | 5 |  5.6
Dodging        | |  2.1
Stealth        | |  0.7

Action                   |  1- 3 |  4- 6 || total
-------------------------+-------+-------++-------
 Fire: Shortbow          |   138 |    69 ||   207
  Use: Potion            |       |     3 ||     3
Armor: Leather armour    |    22 |    26 ||    48
Dodge: Dodged            |    49 |    54 ||   103
